3L
CHICAGO HAWKS @ HOUSTON 1837 BBC
07/30/2031
 
TOP OF THE 1ST
Chicago Hawks batting - Pitching for Houston 1837 BBC : LHP Prince Michael Jackson
Pitching: LHP Prince Michael Jackson
Batting: RHB Jorge Salgado 0-0: Called Strike
0-1: Ball
1-1: Ball
2-1: Foul Ball, location: 2F
2-2: Ball
3-2: Hit by Pitch
Batting: SHB Luis Manuel Flores 0-0: Called Strike
0-1: Called Strike
0-2: Ball
1-2: Ball
2-2: Fly out, F9 (Flyball, 9)
Batting: LHB Jeff Simpson 0-0: Ball
Jorge Salgado steals 2nd base
1-0: SINGLE (Line Drive, 89S)
Jorge Salgado to third
Runner from 3rd tries for Home, throw and OUT!
Jeff Simpson to second
Batting: RHB Kumanosuke Asano 0-0: Ball
1-0: Fly out, F9 (Flyball, 89D)
Top of the 1st over - 0 runs, 1 hit, 0 errors, 1 left on base; Chicago 0 - Houston 0
BOTTOM OF THE 1ST
Houston 1837 BBC batting - Pitching for Chicago Hawks : LHP Miguel López
Pitching: LHP Miguel López
Batting: RHB Dave Yates 0-0: Called Strike
0-1: Swinging Strike
0-2: Ball
1-2: Foul Ball, location: 2F
1-2: Ball
2-2: Strikes out swinging
Batting: RHB Juan Chávez 0-0: Called Strike
0-1: Ball
1-1: Ball
2-1: Swinging Strike
2-2: Foul Ball, location: 2F
2-2: Ball
3-2: Base on Balls
Batting: RHB Bob Dickerson 0-0: Ball
1-0: Fly out, F8 (Line Drive, 8RD)
Batting: SHB Nobuhisa Hatoyama 0-0: Ground out 6-3 (Groundball, 6S)
Bottom of the 1st over - 0 runs, 0 hits, 0 errors, 1 left on base; Chicago 0 - Houston 0
TOP OF THE 2ND
Chicago Hawks batting - Pitching for Houston 1837 BBC : LHP Prince Michael Jackson
Batting: LHB Scott Janousek 0-0: Ball
1-0: Ground out 6-3 (Groundball, 6)
Batting: RHB Cam MacIntosh 0-0: SINGLE (Line Drive, 7LS)
Batting: RHB Reg Spiers 0-0: Called Strike
0-1: Called Strike
0-2: Ball
1-2: Ball
2-2: Ball
3-2: Strikes out swinging
Cam MacIntosh steals 2nd base
Batter strikes out.
Batting: RHB Paddy Hodnett 0-0: Ball
1-0: Fly out, F5 (Line Drive, 5)
Top of the 2nd over - 0 runs, 1 hit, 0 errors, 1 left on base; Chicago 0 - Houston 0
BOTTOM OF THE 2ND
Houston 1837 BBC batting - Pitching for Chicago Hawks : LHP Miguel López
Batting: RHB Armond Merlin 0-0: Ball
1-0: Called Strike
1-1: Ball
2-1: Called Strike
2-2: SINGLE (Groundball, 34D)
Batting: RHB Scott Robertson 0-0: Called Strike
0-1: Foul Ball, location: 2F
0-2: Strikes out swinging
Batting: RHB Joey Trifone 0-0: Called Strike
0-1: Foul Ball, location: 2F
0-2: Ball
1-2: Foul Ball, location: 2F
1-2: Ground out 5-3 (Groundball, 5S)
Armond Merlin to second
Pitching: RHP Javier Mora
Batting: RHB Xavier Pérez 0-0: Ball
1-0: Ground out 6-3 (Groundball, 6)
Bottom of the 2nd over - 0 runs, 1 hit, 0 errors, 1 left on base; Chicago 0 - Houston 0
TOP OF THE 3RD
Chicago Hawks batting - Pitching for Houston 1837 BBC : LHP Prince Michael Jackson
Batting: SHB Stan St. John 0-0: Ball
1-0: Called Strike
1-1: Swinging Strike
1-2: Strikes out swinging
Batting: RHB Jorge Salgado 0-0: Hit by Pitch
Batting: SHB Luis Manuel Flores 0-0: Called Strike
Jorge Salgado is caught stealing 2nd base
0-1: Swinging Strike
0-2: Ball
1-2: Reached on error, E6 (Groundball, 6)
Batting: LHB Jeff Simpson 0-0: Called Strike
0-1: Ball
1-1: Ball
2-1: Foul Ball, location: 2F
2-2: Strikes out looking
Top of the 3rd over - 0 runs, 0 hits, 1 error, 1 left on base; Chicago 0 - Houston 0
BOTTOM OF THE 3RD
Houston 1837 BBC batting - Pitching for Chicago Hawks : RHP Javier Mora
Batting: LHB Guillermo Arellano 0-0: Swinging Strike
0-1: Ball
1-1: Foul Ball, location: 2F
1-2: Ground out U3 (Groundball, 3S)
Batting: RHB Dave Yates 0-0: Fly out, F8 (Flyball, 8RD)
Batting: RHB Juan Chávez 0-0: Called Strike
0-1: Ball
1-1: Ball
2-1: Ball
3-1: Foul Ball, location: 2F
3-2: Ground out U3 (Groundball, 34S)
Bottom of the 3rd over - 0 runs, 0 hits, 0 errors, 0 left on base; Chicago 0 - Houston 0
TOP OF THE 4TH
Chicago Hawks batting - Pitching for Houston 1837 BBC : LHP Prince Michael Jackson
Batting: RHB Kumanosuke Asano 0-0: Foul Ball, location: 2F
0-1: Fly out, F9 (Flyball, 9S)
Batting: LHB Scott Janousek 0-0: Ball
1-0: Called Strike
1-1: Fly out, F6 (Line Drive, 6MD)
Batting: RHB Cam MacIntosh 0-0: Foul Ball, location: 2F
0-1: Foul Ball, location: 2F
0-2: Ball
1-2: Strikes out looking
Top of the 4th over - 0 runs, 0 hits, 0 errors, 0 left on base; Chicago 0 - Houston 0
BOTTOM OF THE 4TH
Houston 1837 BBC batting - Pitching for Chicago Hawks : RHP Javier Mora
Batting: RHB Bob Dickerson 0-0: Swinging Strike
0-1: Ground out 5-3 (Groundball, 56S)
Batting: SHB Nobuhisa Hatoyama 0-0: Called Strike
0-1: Ball
1-1: SINGLE (Flyball, 89S) - OUT at second base trying to stretch hit.
Batting: RHB Armond Merlin 0-0: Called Strike
0-1: Foul Ball, location: 2F
0-2: Foul Ball, location: 2F
0-2: Strikes out swinging
Bottom of the 4th over - 0 runs, 1 hit, 0 errors, 0 left on base; Chicago 0 - Houston 0
TOP OF THE 5TH
Chicago Hawks batting - Pitching for Houston 1837 BBC : LHP Prince Michael Jackson
Batting: RHB Reg Spiers 0-0: Ball
1-0: Ground out 4-3 (Groundball, 4)
Batting: RHB Paddy Hodnett 0-0: Called Strike
0-1: Ball
1-1: Swinging Strike
1-2: Ball
2-2: Strikes out swinging
Batting: SHB Stan St. John 0-0: Swinging Strike
0-1: Ball
1-1: Swinging Strike
1-2: Ball
2-2: Strikes out looking
Top of the 5th over - 0 runs, 0 hits, 0 errors, 0 left on base; Chicago 0 - Houston 0
BOTTOM OF THE 5TH
Houston 1837 BBC batting - Pitching for Chicago Hawks : RHP Javier Mora
Batting: RHB Scott Robertson 0-0: Foul Ball, location: 2F
0-1: Ball
1-1: Called Strike
1-2: Strikes out looking
Batting: RHB Joey Trifone 0-0: Ball
1-0: Fly out, F7 (Flyball, 7LMF)
Batting: RHB Xavier Pérez 0-0: Swinging Strike
0-1: Ball
Error on foul ball, E7
1-2: Ball
2-2: Ball
3-2: Foul Ball, location: 2F
3-2: Foul Ball, location: 2F
3-2: Foul Ball, location: 2F
3-2: Ground out 6-3 (Groundball, 6M)
Bottom of the 5th over - 0 runs, 0 hits, 1 error, 0 left on base; Chicago 0 - Houston 0
TOP OF THE 6TH
Chicago Hawks batting - Pitching for Houston 1837 BBC : LHP Prince Michael Jackson
Batting: RHB Jorge Salgado 0-0: Called Strike
0-1: Called Strike
0-2: Ball
1-2: Foul Ball, location: 2F
1-2: Strikes out swinging
Batting: SHB Luis Manuel Flores 0-0: Ball
1-0: Ground out 6-3 (Groundball, 6)
Batting: LHB Jeff Simpson 0-0: Swinging Strike
0-1: Ball
1-1: Ball
2-1: Foul Ball, location: 2F
2-2: Strikes out swinging
Top of the 6th over - 0 runs, 0 hits, 0 errors, 0 left on base; Chicago 0 - Houston 0
BOTTOM OF THE 6TH
Houston 1837 BBC batting - Pitching for Chicago Hawks : RHP Javier Mora
Batting: LHB Guillermo Arellano 0-0: Ball
1-0: Ball
2-0: Called Strike
2-1: Foul Ball, location: 2F
2-2: Strikes out swinging
Batting: RHB Dave Yates 0-0: Ball
1-0: Ball
2-0: Ball
3-0: Base on Balls
Batting: RHB Juan Chávez 0-0: Ball
1-0: Hit by Pitch
Dave Yates to second
Batting: RHB Bob Dickerson 0-0: Swinging Strike
0-1: Foul Ball, location: 2F
0-2: Fly out, F7 (Flyball, 7S)
Batting: SHB Nobuhisa Hatoyama 0-0: Ball
1-0: Ball
2-0: Ball
3-0: Base on Balls
Dave Yates to third
Juan Chávez to second
Batting: RHB Armond Merlin 0-0: Called Strike
0-1: SINGLE (Line Drive, 5S)
Dave Yates scores
Juan Chávez to third
Nobuhisa Hatoyama to second
Batting: RHB Scott Robertson 0-0: Ball
1-0: Called Strike
1-1: Swinging Strike
1-2: Strikes out swinging
Bottom of the 6th over - 1 run, 1 hit, 0 errors, 3 left on base; Chicago 0 - Houston 1
TOP OF THE 7TH
Chicago Hawks batting - Pitching for Houston 1837 BBC : LHP Prince Michael Jackson
Batting: RHB Kumanosuke Asano 0-0: Called Strike
0-1: Ball
1-1: Ball
2-1: SOLO HOME RUN (Flyball, 78XD), Distance : 441 ft
Batting: LHB Scott Janousek 0-0: Ball
1-0: Ball
2-0: Called Strike
2-1: DOUBLE (Groundball, 3L)
Batting: RHB Cam MacIntosh 0-0: Ball
Scott Janousek steals 3rd base
1-0: Called Strike
1-1: Ball
2-1: Ball
3-1: Base on Balls
Batting: RHB Reg Spiers 0-0: Ball
1-0: Called Strike
1-1: Foul Ball, location: 2F
1-2: Ground out 4-3 (Groundball, 4S)
Cam MacIntosh to second
Batting: RHB Paddy Hodnett 0-0: Intentional Walk
Pitching: RHP Prince Nakamura
Batting: SHB Stan St. John 0-0: Called Strike
0-1: DOUBLE (Flyball, 8LXD)
Scott Janousek scores
Cam MacIntosh scores
Paddy Hodnett to third
Batting: RHB Jorge Salgado 0-0: Foul Ball, location: 2F
0-1: Foul Ball, location: 2F
0-2: Ball
1-2: Strikes out swinging
Batting: SHB Luis Manuel Flores 0-0: Ball
1-0: Ball
2-0: Fly out, F8 (Line Drive, 8RM)
Top of the 7th over - 3 runs, 3 hits, 0 errors, 2 left on base; Chicago 3 - Houston 1
BOTTOM OF THE 7TH
Houston 1837 BBC batting - Pitching for Chicago Hawks : RHP Javier Mora
Batting: RHB Joey Trifone 0-0: Ball
1-0: Foul Ball, location: 2F
1-1: SOLO HOME RUN (Flyball, 7D), Distance : 411 ft
Pitching: LHP Travis Grant
Batting: RHB Xavier Pérez 0-0: Ball
1-0: Swinging Strike
1-1: Foul Ball, location: 2F
1-2: Strikes out swinging
Batting: LHB Guillermo Arellano 0-0: Ball
1-0: SINGLE (Groundball, 34D)
Batting: RHB Dave Yates 0-0: Foul Ball, location: 2F
0-1: Called Strike
0-2: Strikes out swinging
Batting: RHB Juan Chávez 0-0: Called Strike
0-1: Ball
1-1: Ball
2-1: Fielders Choice at 2nd, 6-4 (Groundball, 6)
Bottom of the 7th over - 1 run, 2 hits, 0 errors, 1 left on base; Chicago 3 - Houston 2
TOP OF THE 8TH
Chicago Hawks batting - Pitching for Houston 1837 BBC : RHP Prince Nakamura
Batting: LHB Jeff Simpson 0-0: Fly out, F3 (Line Drive, 34S)
Batting: RHB Kumanosuke Asano 0-0: Ground out U3 (Groundball, 34)
Batting: LHB Scott Janousek 0-0: Called Strike
0-1: Ball
1-1: Ball
2-1: Ball
3-1: Called Strike
3-2: Foul Ball, location: 2F
3-2: SINGLE (Popup, 3D)
Batting: RHB Cam MacIntosh 0-0: Foul Ball, location: 2F
0-1: Ball
1-1: Foul Ball, location: 2F
1-2: Strikes out swinging
Top of the 8th over - 0 runs, 1 hit, 0 errors, 1 left on base; Chicago 3 - Houston 2
BOTTOM OF THE 8TH
Houston 1837 BBC batting - Pitching for Chicago Hawks : LHP Travis Grant
Batting: RHB Bob Dickerson 0-0: SINGLE (Flyball, 8LS)
Pitching: RHP Érico Laborde
Pinch Runner at 1st Kenny Fleming:
Batting: SHB Nobuhisa Hatoyama 0-0: SINGLE (Flyball, 8RS)
Kenny Fleming to second
Batting: RHB Armond Merlin 0-0: Fielders Choice at 2nd, 3-6 (Groundball, 34)
Kenny Fleming to third
Batting: RHB Scott Robertson 0-0: Called Strike
0-1: Grounds into double play, 4-6-3 (Groundball, 34)
Bottom of the 8th over - 0 runs, 2 hits, 0 errors, 1 left on base; Chicago 3 - Houston 2
TOP OF THE 9TH
Chicago Hawks batting - Pitching for Houston 1837 BBC : RHP Prince Nakamura
Batting: RHB Reg Spiers 0-0: Ball
1-0: Foul Ball, location: 2F
1-1: Foul Ball, location: 2F
1-2: Ball
2-2: Strikes out swinging
Batting: RHB Paddy Hodnett 0-0: Ground out 5-3 (Groundball, 56)
Batting: SHB Stan St. John 0-0: Foul Ball, location: 2F
0-1: Ball
1-1: Called Strike
1-2: Ball
2-2: Strikes out looking
Top of the 9th over - 0 runs, 0 hits, 0 errors, 0 left on base; Chicago 3 - Houston 2
BOTTOM OF THE 9TH
Houston 1837 BBC batting - Pitching for Chicago Hawks : RHP Érico Laborde
Batting: RHB Joey Trifone 0-0: Foul Ball, location: 2F
0-1: Fly out, F7 (Flyball, 7LD)
Batting: RHB Xavier Pérez 0-0: SINGLE (Line Drive, 8LS)
Batting: LHB Guillermo Arellano 0-0: Ball
1-0: Foul Ball, location: 2F
1-1: Ball
2-1: SINGLE (Groundball, 56D)
Xavier Pérez to second
Batting: RHB Dave Yates 0-0: Called Strike
0-1: Ball
1-1: Foul Ball, location: 2F
1-2: DOUBLE (Line Drive, 89D)
Xavier Pérez scores
Guillermo Arellano to third
Batting: RHB Juan Chávez 0-0: Intentional Walk
Batting: RHB Kenny Fleming 0-0: Called Strike
0-1: Ball
1-1: Ball
2-1: Ball
3-1: Foul Ball, location: 2F
3-2: Base on Balls
Guillermo Arellano scores
Dave Yates to third
Juan Chávez to second
Tuesday, June 12th, 2018 - OOTP Baseball 18.8 Build 76